 Dungeon Crawl Stone Soup version 0.31-a0-826-ga5cc291a1b (webtiles) character file.

Game seed: 8764089813927263167

144 qw the Shooter (level 5, -1/32 HPs)
             Began as a Gargoyle Hunter on Sept 23, 2023.
             Slain by a +2 spectral club (2 damage)
             ... created by Robin
             ... on level 4 of the Dungeon.
             The game lasted 00:00:53 (1934 turns).

qw the Shooter (Gargoyle Hunter)                    Turns: 1934, Time: 00:00:54

Health: -1/32      AC:  8    Str: 15    XL:     5   Next: 26%
Magic:  5/5        EV: 12    Int:  9    God:
Gold:   99         SH:  0    Dex: 15    Spells: 4/4 levels left

rFire   + . .        e - +0 shortbow (heavy)
rCold   . . .        (shield currently unavailable)
rNeg    + . .        a - +2 robe {rF+}
rPois   inf          (no helmet)
rElec   +            (no cloak)
rCorr   +            (no gloves)
SInv    .            (no boots)
Will    .....        g - amulet of regeneration
Stlth   ++           j - ring of resist corrosion
HPRegen 1.05/turn    (no ring)
MPRegen 0.09/turn

%: no passive effects
@: about to teleport
A: sickness immunity, AC +4, negative energy resistance 1, electricity
resistance, torment resistance 1, petrification resistance
a: no special abilities


You were on level 4 of the Dungeon.
You visited 1 branch of the dungeon, and saw 4 of its levels.

You collected 99 gold pieces.


Innate Abilities, Weirdness & Mutations

You are immune to sickness and miasma.
Your stone body is resilient. (AC +4)
You are immune to poison.
You resist negative energy. (rN+)
You are resistant to electric shocks. (rElec)
You are resistant to unholy torment.
You are immune to petrification.


   Skills:
 - Level 3.1 Fighting
 + Level 5.9 Ranged Weapons
 - Level 1.0 Armour
 - Level 1.5 Dodging
 - Level 1.1 Stealth


You had 4 spell levels left.
You didn't know any spells.
Your spell library was empty.

Inventory:

Hand Weapons
 e - a +0 heavy shortbow (weapon)
Armour
 a - a +2 robe of fire resistance (worn)
Jewellery
 g - an amulet of regeneration (around neck)
 j - a ring of resist corrosion (left hand)
 k - a ring of resist corrosion
Scrolls
 b - a scroll of identify
Potions
 d - a potion of enlightenment
 i - a potion of mutation
 l - a potion of resistance {unknown}

Dungeon Overview and Level Annotations

Branches:
Dungeon (4/15)
 Temple: D:4-7

Altars:

Annotations:
D:4 Robin; qw's ghost, amateur GrHu


Message History

A hobgoblin comes into view.
You shoot an arrow. The arrow barely misses the hobgoblin.
Robin hits you with a +2 spectral club. The hobgoblin hits you.
You shoot an arrow. The arrow closely misses the hobgoblin.
Robin roars a battlecry!
The goblins go into a battle-frenzy!
The hobgoblin closely misses you. Robin hits you but does no damage.
The hobgoblin hits you but does no damage.
A kobold comes into view. It is wielding a +0 short sword.
You shoot an arrow. The arrow hits the hobgoblin.
The hobgoblin is moderately wounded.
Robin hits you with a +2 spectral club. The hobgoblin hits you.
Robin hits you but does no damage. The hobgoblin barely misses you.
You shoot an arrow. The arrow hits the hobgoblin!
You kill the hobgoblin!
A goblin comes into view. It is wielding a +1 dagger of venom.
Robin roars a battlecry!
The goblin goes into a battle-frenzy!
You shoot an arrow. The arrow closely misses Robin.
The goblin shouts!
Robin hits you but does no damage. The +2 spectral club barely misses you.
Robin hits you but does no damage.
The +2 spectral club closely misses you.
A +2 spectral club comes into view.
You shoot an arrow. The arrow hits Robin.
Robin is lightly wounded.
The +2 spectral club hits you. x2; Robin hits you but does no damage.
The +2 spectral club hits you! Robin hits you but does no damage.
The +2 spectral club hits you.
You shoot an arrow. The arrow hits Robin!
Robin is almost dead.
The +2 spectral club hits you.
The +2 spectral club hits you but does no damage.
The +2 spectral club hits you. Robin misses you. The +2 spectral club hits you!
1934 ||| READING scroll of teleportation.
As you read the scroll of teleportation, it crumbles to dust.
You feel strangely unstable. The +2 spectral club barely misses you.
Robin hits you with a +2 spectral club. The +2 spectral club hits you.
You die...

#.##.........
##.##.#####..# .#
.............. Kg
.............# g#
##.##.######.# g#
#.##.## ##.## g#
#.....# ##...## S#
####..###<#.#.##g#
#...%.......@(#
##.###.#.#.#..).....
#.# ##...##.#####.#
#.# #...###.#
#.##.###....# #.#.#
#.... #..# #.## #..
#.#


You could see a +2 spectral club, Robin, 2 hobgoblins, 2 goblins, a ball python
and a kobold.

Vanquished Creatures
  Jessica (D:2)
  2 adders
  7 dart slugs
  3 orcs
  7 ball pythons
  7 bats
  10 endoplasms
  A giant cockroach (D:2)
  6 goblins
  11 hobgoblins
  3 jackals (D:3)
  3 quokkas
  3 frilled lizards
  4 kobolds
  5 rats
73 creatures vanquished.

Notes
Turn   | Place    | Note
-------+----------+-------------------------------------------
     0 | D:1      | qw the Gargoyle Hunter began the quest for the Orb.
     0 | D:1      | Reached XP level 1. HP: 12/12 MP: 1/1
     0 | D:1      | 0 ||| qw: Version: 0.3-a-83-gcd0e7d8
     0 | D:1      | 0 ||| qw: Game counter: 1916
     0 | D:1      | 0 ||| qw: Melee chars always use a shield: true
     0 | D:1      | 0 ||| qw: God list: Okawaru
     0 | D:1      | 0 ||| qw: Allow faded altars: false
     0 | D:1      | 0 ||| qw: Do Orc after clearing Dungeon:15 true
     0 | D:1      | 0 ||| qw: Do second Lair branch before Depths: true
     0 | D:1      | 0 ||| qw: Lair rune preference: random
     0 | D:1      | 0 ||| qw: Goals: Normal
     0 | D:1      | 0 ||| PLANNING D:1-11
   102 | D:1      | Found a faded altar of an unknown god.
   110 | D:1      | Reached XP level 2. HP: 17/17 MP: 2/2
   695 | D:1      | Reached XP level 3. HP: 21/21 MP: 3/3
   705 | D:1      | 705 ||| UPGRADING to +0 ring mail.
   715 | D:1      | 715 ||| DROPPING +0 leather armour.
   716 | D:1      | 716 ||| UPGRADING to amulet of regeneration.
   721 | D:1      | 721 ||| READING scroll labelled GUIVETH VADGH.
   726 | D:1      | 726 ||| READING scroll labelled CIDGHA MYEDI.
   727 | D:1      | 727 ||| DROPPING scroll of butterflies.
   800 | D:2      | Identified the +1 mace of the Witching Sybil {freeze, rF+
                  | MP+9}
   814 | D:2      | Reached skill level 1 in Armour
   818 | D:2      | Reached skill level 5 in Ranged Weapons
   827 | D:2      | Noticed Jessica
   835 | D:2      | Killed Jessica
   836 | D:2      | Reached skill level 3 in Fighting
   836 | D:2      | Reached XP level 4. HP: 27/28 MP: 4/4
  1245 | D:2      | 1245 ||| UPGRADING to +2 robe of fire resistance.
  1255 | D:2      | 1255 ||| DROPPING +0 ring mail.
  1256 | D:2      | 1256 ||| DROPPING amulet of guardian spirit.
  1257 | D:2      | 1257 ||| READING scroll labelled SIAS BIUKLE.
  1258 | D:2      | 1258 ||| READING scroll labelled HAN LENGOM JAL.
  1258 | D:2      | Identified a scroll of acquirement
  1258 | D:2      | 1258 ||| ACQUIRING +0 heavy shortbow
  1258 | D:2      | Acquired a +0 heavy shortbow
  1260 | D:2      | 1260 ||| SWAPPING to +0 heavy shortbow.
  1261 | D:2      | 1261 ||| DROPPING +0 shortbow.
  1262 | D:2      | 1262 ||| READING 2 scrolls of identify.
  1262 | D:2      | 1262 ||| IDENTIFYING bubbling inky potion
  1263 | D:2      | 1263 ||| DROPPING potion of ambrosia.
  1522 | D:3      | Reached XP level 5. HP: 32/32 MP: 5/5
  1804 | D:3      | 1804 ||| UPGRADING to ring of resist corrosion.
  1805 | D:3      | 1805 ||| READING scroll labelled BOGGAQ HODI.
  1806 | D:3      | 1806 ||| DRINKING 2 lumpy orange potions.
  1807 | D:3      | 1807 ||| DRINKING 2 pink potions.
  1808 | D:3      | 1808 ||| READING 2 scrolls of identify.
  1808 | D:3      | 1808 ||| IDENTIFYING bubbling green potion
  1809 | D:3      | 1809 ||| DROPPING potion of invisibility.
  1850 | D:4      | Noticed qw's ghost (amateur GrHu)
  1850 | D:4      | Noticed an ogre
  1853 | D:4      | Noticed an ogre
  1922 | D:4      | Noticed Robin
  1933 | D:4      | HP: 3/32 [+2 spectral club[Robin] (8)]
  1934 | D:4      | 1934 ||| READING scroll of teleportation.
  1934 | D:4      | HP: 1/32 [Robin/+2 spectral club (3)]
  1934 | D:4      | Slain by a +2 spectral club

Levels and vault maps discovered:
D:1:      nicolae_arrival_memento_mori, layout_basic, basic_ecumenical_altar
D:2:      layout_rooms, hangedman_abyss_or_decor_lesser_grid,
          grunt_decor_junction, minmay_heptomino_h4, uniq_jessica
D:3:      layout_basic
D:4:      layout_loops_ring, gammafunk_ghost_smash, uniq_robin

Skill      XL: |  1  2  3 |
---------------+----------+-----
Armour         | 1 |  1.0
Ranged Weapons | 5 |  5.9
Fighting       | 3 |  3.1
Dodging        | |  1.5
Stealth        | |  1.1

Action                     |  1- 3 |  4- 6 || total
---------------------------+-------+-------++-------
   Fire: Shortbow          |    86 |   112 ||   198
    Use: Scroll            |     2 |     6 ||     8
         Potion            |       |     2 ||     2
 Armour: Leather armour    |     8 |       ||     8
         Ring mail         |     2 |    37 ||    39
         Robe              |       |    25 ||    25
  Dodge: Dodged            |    18 |    63 ||    81

Table legend:
 A = Non-vault XP
 B = Vault XP
 C = Vault XP percentage of total XP
 D = Non-vault monster count
 E = Vault monster count
 F = Vault count percentage of total count
                 A         B        C        D         E       F
            +---------+---------+-------+---------+---------+-------
      Total |     162 |      44 |  21.4 |      68 |       5 |   6.8
            +---------+---------+-------+---------+---------+-------
        D:1 |      37 |       0 |   0.0 |      18 |       0 |   0.0
        D:2 |      66 |      40 |  37.7 |      28 |       3 |   9.7
        D:3 |      48 |       0 |   0.0 |      17 |       0 |   0.0
        D:4 |      11 |       4 |  26.7 |       5 |       2 |  28.6
            +---------+---------+-------+---------+---------+-------
